Map: Dreamcatcher LE

Players

Bly - Winner!

  • Race: Zerg Zerg
  • Spawn Location: 11:00

InZaNe

  • Race: Terran Terran
  • Spawn Location: 5:00

Event: WCS Valencia 2018

VOD

Have the link to the VOD?

Description

Time

  • Played on: July 12, 2018, 7 a.m.
  • Length: 12:33

All games in this series

Show
View Real Time Build Order
Export as new Build Order

Bly Zerg - Winner!

Build Orders: Pool First 

Get SALT Encoding   

  12  0:01  Drone  
  13  0:12  Overlord  
  13  0:17  Drone  
  14  0:31  Drone x2  
  16  0:38  Drone  
  17  0:44  Spawning Pool  
  17  0:48  Drone  
  17  1:08  Hatchery  
  16  1:14  Drone  
  16  1:15  Drone  
  18  1:20  Extractor  
  17  1:32  Queen  
  19  1:33  Zergling x4  
  19  1:39  Overlord  
  21  1:59  Drone  
  22  2:02  Drone  
  22  2:07  Queen  
  25  2:13  Drone  
  26  2:20  Queen, Drone  
  29  2:24  Metabolic Boost  
  30  2:30  Drone  
  30  2:32  Drone  
  31  2:45  Overlord  
  31  2:46  Drone x2  
  31  2:51  Overlord  
  31  3:01  Drone x4  
  35  3:13  Hatchery  
  35  3:15  Drone  
  35  3:16  Drone  
  36  3:23  Drone x4  
  36  3:26  Drone  
  41  3:30  Overlord  
  41  3:40  Extractor  
  40  3:43  Zergling x2  
  40  3:44  Zergling x6  
  40  3:46  Zergling x2  
  40  3:47  Zergling x2, Roach Warren  
  45  3:52  Queen  
  45  3:54  Drone  
  48  3:56  Drone  
  48  3:58  Drone  
  50  4:17  Overlord  
  45  4:28  Queen  
  46  4:31  Drone x10  
  51  4:40  Drone x3  
  51  4:43  Drone  
  51  4:48  Drone  
  46  5:02  Roach x3  
  46  5:06  Roach  
  53  5:08  Roach  
  53  5:13  Roach  
  53  5:14  Roach  
  59  5:16  Roach  
  59  5:20  Overlord  
  61  5:23  Overlord  
  61  5:28  Zergling x4  
  61  5:30  Zergling x2  
  61  5:34  Overlord  
  64  5:40  Ravager x2  
  64  5:41  Overlord  
  64  5:42  Ravager x2  
  65  5:50  Zergling x10  
  65  5:53  Ravager  
  65  5:54  Drone x2  
  73  6:03  Overlord  
  73  6:05  Drone x3  
  73  6:18  Drone x2  
  71  6:23  Drone x7  
  78  6:27  Drone x2  
  78  6:32  Drone x3  
  77  6:51  Ravager  
  77  6:53  Drone x5  
  81  7:04  Drone x5  
  80  7:10  Extractor  
  80  7:11  Extractor  
  80  7:14  Lair  
  80  7:15  Evolution Chamber  
  77  7:16  Extractor  
  77  7:17  Evolution Chamber  
  77  7:20  Roach x7  
  89  7:24  Hatchery  
  88  7:39  Drone x2  
  88  7:41  Overlord x5  
  88  7:42  Extractor, Zerg Ground Armor Level 1  
  88  7:43  Zerg Melee Weapons Level 1  
  90  7:51  Drone  
  90  8:06  Drone x2  
  90  8:07  Drone x3  
  90  8:08  Drone x4  
  90  8:10  Spore Crawler  
  98  8:13  Glial Reconstitution  
  98  8:15  Drone x3  
  98  8:16  Overlord  
  98  8:17  Infestation Pit  
  100  8:20  Zergling x2  
  100  8:21  Zergling x8  
  105  8:33  Roach x5  
  116  8:41  Drone x3  
  116  8:42  Spore Crawler, Drone x2  
  116  8:46  Overlord  
  119  8:50  Overlord  
  119  8:56  Drone x4  
  119  8:57  Extractor, Infestor x2  
  119  8:59  Hive  
  119  9:00  Infestor  
  121  9:16  Drone  
  121  9:17  Drone x2  
  124  9:18  Drone x11  
  124  9:23  Extractor  
  134  9:25  Spore Crawler  
  133  9:33  Roach x8  
  133  9:34  Overlord  
  149  9:41  Zerg Ground Armor Level 2, Zerg Melee Weapons Level 2  
  149  9:42  Zergling x2, Hatchery  
  149  9:43  Zergling x10  
  149  9:44  Zergling x2  
  155  9:49  Overlord  
  155  10:02  Overlord  
  154  10:07  Spore Crawler  
  154  10:09  Spore Crawler  
  154  10:12  Zergling x22  
  154  10:13  Zergling x12, Ultralisk Cavern  
  166  10:14  Adrenal Glands  
  164  10:41  Spire  
  163  10:48  Zergling x34  
  166  11:02  Ultralisk x3  
  166  11:03  Overlord  
  184  11:04  Overlord, Drone  
  169  11:19  Ultralisk x2  
  169  11:20  Ultralisk  
  187  11:31  Pneumatized Carapace  
  199  11:32  Ultralisk  
  199  11:33  Ultralisk  
  199  11:36  Overlord  
  195  11:43  Baneling Nest  
  195  11:44  Hatchery  
  193  11:50  Extractor  
  193  11:53  Extractor  
  191  12:04  Zergling x18  
Show
View Real Time Build Order
Export as new Build Order

InZaNe Terran 

Build Orders: Reaper Expand, MMM Bio 

Get SALT Encoding   

  12  0:00  SCV  
  13  0:12  SCV  
  14  0:18  Supply Depot  
  14  0:24  SCV  
  15  0:40  SCV  
  15  0:41  Barracks  
  16  0:47  Refinery  
  16  0:52  SCV  
  17  1:04  SCV  
  18  1:16  SCV  
  19  1:29  Orbital Command  
  19  1:30  Reaper  
  20  1:41  Command Center  
  20  1:50  Supply Depot  
  20  1:55  SCV  
  21  2:02  Marine  
  22  2:09  SCV  
  22  2:14  Factory  
  23  2:21  SCV  
  24  2:24  Barracks Reactor  
  24  2:29  Refinery  
  24  2:33  SCV  
  24  2:45  SCV  
  25  2:57  SCV  
  25  2:58  Orbital Command  
  26  3:03  Starport  
  26  3:09  Barracks Tech Lab, Hellion x2, SCV  
  31  3:21  SCV  
  31  3:24  SCV  
  33  3:33  Hellion x2, SCV  
  38  3:36  SCV  
  38  3:37  Marine  
  40  3:45  SCV  
  40  3:47  Supply Depot  
  41  3:48  SCV  
  41  3:54  Viking  
  46  3:56  Hellion  
  46  4:01  Supply Depot  
  46  4:04  Barracks Tech Lab  
  46  4:09  Hellion, SCV x2  
  50  4:21  SCV x2  
  52  4:29  Hellion, Marine  
  52  4:31  Hellion  
  47  4:33  SCV  
  47  4:35  SCV  
  47  4:38  Stimpack  
  40  4:45  SCV  
  40  4:47  SCV, Marauder  
  39  4:57  SCV  
  39  4:58  Hellion x2  
  39  4:59  SCV  
  40  5:05  Banshee  
  42  5:10  SCV  
  42  5:11  SCV  
  42  5:13  Marauder  
  46  5:22  SCV  
  46  5:23  Cyclone x2  
  46  5:24  SCV  
  54  5:34  SCV  
  55  5:36  Supply Depot, SCV  
  55  5:38  Marine  
  57  5:50  SCV  
  57  5:51  Command Center  
  57  5:52  SCV  
  59  6:01  Barracks, Starport Reactor  
  56  6:05  Barracks  
  56  6:07  Siege Tank  
  57  6:12  Marine  
  52  6:20  SCV x2  
  48  6:28  Supply Depot  
  48  6:30  Marine  
  48  6:32  Supply Depot, SCV x2  
  51  6:39  Siege Tank  
  54  6:44  SCV x2  
  50  6:56  SCV x2  
  50  6:58  Marine x2  
  50  7:05  Engineering Bay, Starport Reactor  
  47  7:08  SCV  
  47  7:09  SCV  
  47  7:11  Siege Tank, Engineering Bay  
  47  7:15  Marine x3  
  52  7:19  Marine x2  
  52  7:21  SCV  
  58  7:25  Orbital Command  
  58  7:26  SCV  
  59  7:31  Combat Shields  
  59  7:33  SCV  
  60  7:38  SCV, Refinery  
  61  7:45  SCV, Marine  
  61  7:46  Marine x4  
  61  7:50  SCV, Orbital Command  
  68  7:56  Refinery  
  68  7:57  SCV  
  69  8:02  SCV  
  69  8:03  Marine x3  
  69  8:04  Marine x2  
  75  8:09  SCV, Medivac x2  
  80  8:14  SCV  
  80  8:15  SCV  
  80  8:19  Supply Depot  
  82  8:21  SCV, Marine x2  
  82  8:22  Terran Infantry Armor Level 1  
  82  8:24  Supply Depot, Marine x3  
  82  8:25  Supply Depot  
  82  8:26  SCV  
  89  8:27  SCV  
  91  8:34  SCV  
  91  8:37  Terran Infantry Weapons Level 1  
  91  8:38  SCV  
  91  8:39  SCV  
  93  8:41  Marine  
  93  8:42  Supply Depot  
  93  8:44  Supply Depot  
  93  8:45  Marine x3  
  93  8:46  Marine  
  93  8:47  Siege Tank  
  93  8:48  SCV  
  102  8:50  SCV  
  102  8:51  SCV  
  104  8:57  Refinery  
  104  9:00  SCV  
  103  9:03  SCV  
  103  9:04  SCV  
  103  9:06  Armory  
  103  9:08  Marine  
  103  9:09  Marine x4  
  108  9:12  SCV  
  108  9:15  SCV  
  110  9:19  Refinery  
  110  9:25  Siege Tank  
  110  9:26  Medivac x2, Marine  
  110  9:27  SCV  
  110  9:28  SCV x2  
  119  9:34  Marauder  
  121  9:40  SCV  
  121  9:43  Marine, Barracks  
  121  9:44  Barracks  
  123  9:50  Command Center  
  123  9:53  Marine  
  123  9:56  Marauder  
  123  9:58  Marine x2  
  129  10:00  Siege Tank  
  127  10:07  Marine  
  127  10:09  SCV x3, Starport Reactor  
  129  10:14  Barracks x2  
  129  10:16  Barracks  
  129  10:18  Supply Depot  
  129  10:19  Marauder  
  129  10:20  Supply Depot  
  130  10:21  SCV x2  
  130  10:23  Marine  
  133  10:30  Marine x2  
  133  10:32  Barracks Tech Lab x2  
  133  10:34  Marine  
  130  10:39  Marine  
  130  10:41  Marine  
  132  10:47  Siege Tank  
  132  10:48  Medivac x2, Marine x2  
  141  10:51  Command Center  
  141  10:52  Marine  
  141  10:56  Marine  
  138  10:57  Marine, Marauder  
  139  11:04  Barracks Tech Lab  
  139  11:05  Barracks Tech Lab, Barracks Reactor  
  136  11:15  Marine x3, Marauder  
  141  11:25  Supply Depot, SCV x2  
  143  11:26  Supply Depot  
  143  11:27  Supply Depot  
  143  11:29  Marauder x3  
  149  11:33  Marauder  
  151  11:41  Siege Tank  
  154  11:48  Medivac x2  
  158  11:56  Sensor Tower  
  158  11:58  Supply Depot  
  158  11:59  Supply Depot  
  158  12:00  Marauder x3  
  164  12:07  Marauder  
  164  12:08  Marauder  
  167  12:14  Marine x6  
Tags
 
Add a new tag
Caveats
  • Supply blocks, unpowered buildings, or Contaminate may cause inaccurate times.
  • Supply counts are checked every 10 seconds.